 Dungeon Crawl Stone Soup version 0.26-a0-834-g69557b85cc (webtiles) character file.

Game seed: 3867083314147034060

55 robertstho the Magician (level 3, 0/19 HPs)
             Began as a Deep Elf Fire Elementalist on Nov 16, 2020.
             Slain by a rat (2 damage)
             ... on level 2 of the Dungeon.
             The game lasted 00:02:20 (1627 turns).

robertstho the Magician (DEFE)                      Turns: 1627, Time: 00:02:21

Health: 0/19       AC:  2    Str:  5    XL:     3   Next: 67%
Magic:  4/10       EV: 13    Int: 20    God:
Gold:   59         SH:  0    Dex: 15    Spells: 9/10 levels left

rFire    . . .     SeeInvis .   m - +1 whip (elec)
rCold    . . .     Faith    .   (no shield)
rNeg     . . .     Spirit   .   a - +0 robe
rPois    .         Reflect  .   (no helmet)
rElec    .         Harm     .   (no cloak)
rCorr    .         Rampage  .   (no gloves)
MR       .....                  (no boots)
Stlth    ++........             (no amulet)
HPRegen  0.06/turn              (no ring)
MPRegen  0.12/turn              (no ring)

@: lethally poisoned (0 -> -3)
A: no striking features
a: no special abilities


You were on level 2 of the Dungeon.
You visited 1 branch of the dungeon, and saw 2 of its levels.

You collected 59 gold pieces.

Inventory:

Hand Weapons
 h - a +0 dagger
 m - a +1 whip of electrocution (weapon)
Missiles
 l - 8 poisoned darts (quivered)
Armour
 a - a +0 robe (worn)
Jewellery
 c - a cursed amulet of inaccuracy {unknown}
Scrolls
 d - a scroll of amnesia {unknown}
 e - a scroll of enchant weapon {unknown}
 f - 2 scrolls of remove curse {unknown}
 i - a scroll of identify {unknown}
 j - a scroll of teleportation {unknown}
Potions
 b - a potion of heal wounds {unknown}
 g - a potion of curing {unknown}
 k - a potion of haste {unknown}


   Skills:
 + Level 2.6 Dodging
 + Level 2.7 Stealth
 * Level 4.3 Spellcasting
 + Level 1.5 Conjurations
 * Level 4.0 Fire Magic


You had 9 spell levels left.
You knew the following spells:

 Your Spells              Type           Power        Failure   Level
a - Foxfire               Conj/Fire      ###.         4%          1

Your spell library contained the following spells:

 Spells                   Type           Power        Failure   Level
 Conjure Flame            Conj/Fire      ###.....     12%         3
 Inner Flame              Hex/Fire       ##......     16%         3
 Sticky Flame             Conj/Fire      ###.....     36%         4
 Fireball                 Conj/Fire      ###.......   73%         5


Dungeon Overview and Level Annotations

Branches:
Dungeon (2/15)

Altars:


Message History

You conjure some foxfire!
The foxfire hits the worm.
The worm is heavily wounded.
You feel sick.
The foxfire hits the worm.
The worm is severely wounded.
You barely miss the worm.
The worm is severely wounded.
Casting: Foxfire (safe; 4% risk of failure)
Confirm with . or Enter, or press ? or * to list all spells.
You conjure some foxfire!
The worm bites you!
* * * LOW HITPOINT WARNING * * *
The foxfire hits the worm.
The worm is almost dead.
The foxfire hits the worm.
You kill the worm!
Casting: Foxfire (safe; 4% risk of failure)
Confirm with . or Enter, or press ? or * to list all spells.
You conjure some foxfire!
* * * LOW HITPOINT WARNING * * *
You feel sick. The rat bites you.
You die...

#.#..# #.#..# #(#..#
########.#..# #
##.....##.#..# #.
....###.......#######.
# #. #...............
#.###.#####[########
#.v@v.#####.####
###r####.......# #.#
#<##.##.# ..#
#.##.##.##### #..#
#.##..†...... #..#
#.##.)#.##### ...#
#.##.....# ##.#
#....)...#### #.#
#####.##)....


You could see a rat.

Vanquished Creatures
  2 adders (D:2)
  An adder zombie (D:1)
  A worm (D:2)
  A dart slug (D:1)
  4 bats
  A giant cockroach (D:1)
  5 goblins
  5 hobgoblins
  2 jackals (D:1)
  A quokka (D:2)
  A leopard gecko zombie (D:1)
  4 rats
28 creatures vanquished.

Vanquished Creatures (others)
  121 foxfires
121 creatures vanquished.

Grand Total: 149 creatures vanquished

Notes
Turn   | Place    | Note
-------+----------+-------------------------------------------
     0 | D:1      | robertstho the Deep Elf Fire Elementalist began the quest
                  | for the Orb.
     0 | D:1      | Reached XP level 1. HP: 10/10 MP: 6/6
   390 | D:1      | Reached XP level 2. HP: 15/15 MP: 5/8
  1112 | D:2      | Reached XP level 3. HP: 19/19 MP: 5/10
  1627 | D:2      | Slain by a rat

Illustrated notes

Levels and vault maps discovered:
D:1:      saegor_arrival_fortress, layout_basic
D:2:      layout_loops_ring

Skill      XL: |  1  2  3 |
---------------+----------+-----
Fire Magic     | 4 |  4.0
Spellcasting   | 4 |  4.3
Dodging        | |  2.6
Stealth        | |  2.7
Conjurations   | |  1.5

Action                   || total
-------------------------++-------
Melee: Unarmed           ||     2
       Dagger            ||    19
       Whip              ||     2
 Cast: Foxfire           ||    69
 Stab: Distracted        ||     1
       Sleeping          ||     1
Armor: Robe              ||     5
Dodge: Dodged            ||    26

Table legend: (Time is in decaauts)
 A = Elapsed time spent in this place.
 B = Non-inter-level travel time spent in this place.
 C = Inter-level travel time spent in this place.
 D = Time resting spent in this place.
 E = Time spent auto-exploring this place.
 F = Levels seen in this place.
 G = Mean time per level.
                   A        B        C        D        E       F      G
               +--------+--------+--------+--------+--------+-----+--------+
         Total |   1625 |   1608 |     17 |     34 |   1297 |   2 |  812.5 |
       Dungeon |   1625 |   1608 |     17 |     34 |   1297 |   2 |  812.5 |
               +--------+--------+--------+--------+--------+-----+--------+

Top non-repeatable levels by time:
     D:1: 1105 daAuts
     D:2: 520 daAuts
